[Event "Superliga 2011 M"]
[Site "Brasov/Rumania"]
[Date "2011.10.12"]
[Round "5.2"]
[White "Spulber, Cicirone"]
[Black "Dumitrache, Dragos-Nicolae"]
[Result "1/2-1/2"]
[ECO "E01"]
[WhiteElo "2239"]
[BlackElo "2454"]
[PlyCount "59"]
[EventDate "2011.??.??"]
[TimeControl "40/5400+30:1800+30"]

1. c4 e6 2. g3 d5 3. Nf3 c6 4. Qc2 Nf6 5. Bg2 Bd6 6. d4 O-O 7. Nbd2 Nbd7 8. O-O
Re8 9. b3 Qe7 10. Bb2 b6 11. e4 Nxe4 12. Nxe4 dxe4 13. Qxe4 Bb7 14. Rfe1 Ba3
15. Bxa3 Qxa3 16. Ne5 Nxe5 17. dxe5 Rad8 18. Qe2 Rd4 19. Rad1 Red8 20. Rxd4
Rxd4 21. Rd1 Qc5 22. Rxd4 Qxd4 23. h4 a5 24. a4 h6 25. Kh2 Kf8 26. f4 Ke7 27.
h5 Kf8 28. Qc2 Kg8 29. Qe2 Kf8 30. Qc2 1/2-1/2

[Event "Superliga 2011 M"]
[Site "Brasov/Rumania"]
[Date "2011.10.12"]
[Round "5.2"]
[White "Georgescu, Tiberiu-Marian"]
[Black "Malureanu, Costin-George"]
[Result "1-0"]
[ECO "A85"]
[WhiteElo "2391"]
[BlackElo "2165"]
[PlyCount "115"]
[EventDate "2011.??.??"]
[TimeControl "40/5400+30:1800+30"]

1. d4 d5 2. c4 c6 3. Nf3 e6 4. e3 Nf6 5. Bd3 Ne4 6. Nc3 f5 7. Ne5 Qf6 8. O-O
Nd7 9. Nxd7 Bxd7 10. f3 Ng5 11. Kh1 Nf7 12. Qe2 Bb4 13. a3 Ba5 14. e4 O-O 15.
e5 Qh4 16. Be3 dxc4 17. Bxc4 c5 18. Bf2 Qf4 19. Be3 Qh4 20. Bf2 Qe7 21. d5 Bxc3
22. d6 Qg5 23. bxc3 f4 24. Rfe1 a6 25. Bxc5 Nh6 26. Bf2 Rac8 27. Qa2 Rfe8 28.
Rac1 Nf5 29. Bd3 Ne3 30. Bxe3 fxe3 31. Qb1 Qxe5 32. Bxh7+ Kh8 33. Qe4 Qg5 34.
Bg6 Rf8 35. Qg4 Qxg4 36. fxg4 e2 37. Rxe2 Rxc3 38. Ree1 Rxc1 39. Rxc1 Bc6 40.
Rd1 Rd8 41. Kg1 Kg8 42. Kf2 Bd5 43. Rc1 Bc6 44. Rd1 Bd5 45. Ke3 Rxd6 46. Be4
Kf7 47. Kf4 Ke7 48. Ke5 Rc6 49. Bxd5 exd5 50. Rxd5 Rc2 51. Kf5 Rxg2 52. h4 Rc2
53. Kg6 Rc4 54. Rg5 Kf8 55. Kh7 Rc7 56. Rf5+ Rf7 57. Rxf7+ Kxf7 58. g5 1-0

[Event "Superliga 2011 M"]
[Site "Brasov/Rumania"]
[Date "2011.10.12"]
[Round "5.4"]
[White "Suba, Mihai"]
[Black "Kamsky, Gata"]
[Result "1/2-1/2"]
[ECO "A10"]
[WhiteElo "2471"]
[BlackElo "2756"]
[PlyCount "125"]
[EventDate "2011.??.??"]
[TimeControl "40/5400+30:1800+30"]

1. c4 g6 2. e4 e5 3. d4 Nf6 4. Nf3 exd4 5. e5 Ne4 6. Qxd4 Bb4+ 7. Nbd2 Nxd2 8.
Bxd2 Nc6 9. Qf4 Bxd2+ 10. Qxd2 Qe7 11. O-O-O b6 12. Bd3 Bb7 13. Be4 O-O-O 14.
Rhe1 Qc5 15. Bd5 Nb4 16. Kb1 Nxd5 17. cxd5 d6 18. e6 fxe6 19. Ng5 Bxd5 20. Rc1
Qb5 21. Nf7 Rhf8 22. Nxd8 Rxd8 23. f4 Kb7 24. g3 Rd7 25. Re3 a5 26. h4 Qa4 27.
b3 Qb5 28. a4 Qb4 29. Qxb4 axb4 30. Kb2 Rf7 31. Rce1 c5 32. R1e2 Kc6 33. Rh2 h5
34. Kc1 Ra7 35. Rd2 b5 36. axb5+ Kxb5 37. Kb2 Kc6 38. Red3 Kd7 39. Re3 Ra3 40.
Red3 Ke7 41. Rd1 Kf6 42. Rxd5 exd5 43. Rxd5 Ra6 44. Kb1 Ke6 45. Rg5 Ra7 46.
Rxg6+ Kd5 47. f5 Re7 48. f6 Re3 49. Kc2 Rf3 50. g4 hxg4 51. h5 Rf2+ 52. Kd3 Rb2
53. Rxg4 Rxb3+ 54. Ke2 Ke6 55. Rh4 Ra3 56. h6 Ra8 57. h7 Rh8 58. Rh6 c4 59. Kd2
d5 60. Kc2 Kf7 61. Kc1 b3 62. Kb2 d4 63. Rh4 1/2-1/2

[Event "Superliga 2011 M"]
[Site "Brasov/Rumania"]
[Date "2011.10.12"]
[Round "5.4"]
[White "Volokitin, Andrei"]
[Black "Shishkin, Vadim"]
[Result "1/2-1/2"]
[ECO "B33"]
[WhiteElo "2686"]
[BlackElo "2450"]
[PlyCount "114"]
[EventDate "2011.??.??"]
[TimeControl "40/5400+30:1800+30"]

1. e4 c5 2. Nf3 Nc6 3. d4 cxd4 4. Nxd4 Qb6 5. Nb3 Nf6 6. Nc3 e6 7. Qe2 Bb4 8.
Bd2 O-O 9. a3 Be7 10. e5 Nd5 11. g3 Nxc3 12. Bxc3 f6 13. exf6 Bxf6 14. Bxf6
Rxf6 15. Bg2 d5 16. f4 Bd7 17. O-O-O Rc8 18. Kb1 a5 19. Rd3 a4 20. Nd2 Na5 21.
Re1 h6 22. Bh3 Nc4 23. Nxc4 Rxc4 24. Re3 Rc6 25. Re5 Qc5 26. Qd3 Rd6 27. Rd1
Bb5 28. Qd2 Bd7 29. Rde1 Kh8 30. R1e3 Qb6 31. Rd3 Qc5 32. Rd4 Bc6 33. Qe3 Bd7
34. Rxa4 Qxe3 35. Ra8+ Kh7 36. Rxe3 g5 37. Rd8 gxf4 38. gxf4 Kg6 39. Bxe6 Rdxe6
40. Rg3+ Kf5 41. Rxd7 Re1+ 42. Ka2 Re2 43. Rxd5+ Kxf4 44. Rd4+ Ke5 45. Rh4 Rxc2
46. Rb3 b6 47. Rb5+ Rc5 48. Rh5+ Kd4 49. Rb4+ Kd3 50. Rxb6 Rxh5 51. Rxf6 Rxh2
52. a4 Kc4 53. Rb6 h5 54. Ka3 Rh1 55. Rc6+ Kd5 56. Rh6 h4 57. Kb4 h3 1/2-1/2

[Event "Superliga 2011 M"]
[Site "Brasov/Rumania"]
[Date "2011.10.12"]
[Round "5.4"]
[White "Thesing, Matthias"]
[Black "Parligras, Mircea-Emilian"]
[Result "0-1"]
[ECO "B23"]
[WhiteElo "2404"]
[BlackElo "2625"]
[PlyCount "76"]
[EventDate "2011.??.??"]
[TimeControl "40/5400+30:1800+30"]

1. e4 c5 2. Nc3 d6 3. f4 g6 4. Nf3 Bg7 5. Bc4 Nc6 6. O-O e6 7. d3 Nge7 8. Qe1
O-O 9. f5 gxf5 10. Qg3 fxe4 11. dxe4 Ng6 12. Bg5 f6 13. Be3 Qe7 14. Rad1 Nge5
15. Be2 b6 16. Rd2 Bb7 17. Rfd1 Rad8 18. Nb5 Ba6 19. c4 Bxb5 20. cxb5 Nxf3+ 21.
gxf3 Nd4 22. Bxd4 cxd4 23. Rxd4 f5 24. exf5 exf5 25. Kf1 Kh8 26. R4d2 Bh6 27.
Rd3 Rde8 28. Qe1 Rf6 29. Rc3 Re6 30. Rc2 Bf4 31. Qc3+ Be5 32. Qc4 Qg5 33. f4
Bxf4 34. Bf3 Re3 35. Bd5 Qh5 36. Qd4+ Be5 37. Qd2 Bxh2 38. Rdc1 Rf3+ 0-1

[Event "Superliga 2011 M"]
[Site "Brasov/Rumania"]
[Date "2011.10.12"]
[Round "5.4"]
[White "Lupulescu, Constantin"]
[Black "Horvat, Dan-Sebastian"]
[Result "1-0"]
[ECO "B07"]
[WhiteElo "2655"]
[BlackElo "2196"]
[PlyCount "87"]
[EventDate "2011.??.??"]
[TimeControl "40/5400+30:1800+30"]

1. e4 d6 2. d4 Nf6 3. f3 e5 4. Ne2 Be7 5. c4 O-O 6. Be3 c6 7. Nbc3 a6 8. d5 b5
9. Ng3 b4 10. Nb1 c5 11. a3 Qb6 12. Qb3 Qb7 13. axb4 cxb4 14. Nd2 a5 15. c5
dxc5 16. Nc4 Qc7 17. Qc2 Ne8 18. Bd3 f6 19. O-O g6 20. Ra2 Nd6 21. Rfa1 Nxc4
22. Bxc4 Bd6 23. Nf1 Bd7 24. Nd2 Rc8 25. b3 Qd8 26. Be2 Bc7 27. Qxc5 Na6 28.
Qc1 Bb6 29. Nc4 Nc5 30. Nxb6 Nxb3 31. Qd1 Rc3 32. Bd3 Nxa1 33. Nxa8 Qxa8 34.
Rxa1 a4 35. Rc1 Qc8 36. Qd2 Rxc1+ 37. Qxc1 Qb7 38. Bc5 Kf7 39. Qc4 b3 40. Qb4
Qc7 41. Qc4 Qb7 42. Ba3 g5 43. Qc5 Kg6 44. Qf8 1-0

[Event "Superliga 2011 M"]
[Site "Brasov/Rumania"]
[Date "2011.10.12"]
[Round "5.4"]
[White "Zaim, Marian"]
[Black "Nevednichy, Vladislav"]
[Result "0-1"]
[ECO "A41"]
[WhiteElo "2171"]
[BlackElo "2540"]
[PlyCount "81"]
[EventDate "2011.??.??"]
[TimeControl "40/5400+30:1800+30"]

1. Nf3 g6 2. c4 Bg7 3. g3 e5 4. Nc3 d6 5. d4 Nd7 6. Bg2 Ne7 7. O-O O-O 8. b3
exd4 9. Nb5 d3 10. Rb1 a6 11. Na3 dxe2 12. Qxe2 Nc5 13. Be3 Ne4 14. Rbe1 Nc6
15. Nb1 Bd7 16. h3 Re8 17. Rd1 a5 18. a3 Qf6 19. Rfe1 h6 20. Kh2 Rab8 21. Rc1
Nc5 22. Qd1 Bf5 23. Bf1 Qb2 24. Nbd2 Qxa3 25. g4 Be6 26. Rb1 Rbd8 27. Qc1 Qxc1
28. Rexc1 g5 29. Ne1 f5 30. f3 Bf7 31. Bf2 fxg4 32. hxg4 Bg6 33. Nc2 Bc3 34.
Ne4 Nxe4 35. fxe4 Bxe4 36. Bg2 Ne5 37. Bxe4 Nxg4+ 38. Kg1 Rxe4 39. Ne1 Be5 40.
Rc2 Rf8 41. Kg2 0-1

[Event "Superliga 2011 M"]
[Site "Brasov/Rumania"]
[Date "2011.10.12"]
[Round "5.4"]
[White "Dragomirescu, Robin-Alexandru"]
[Black "Bolintis, Mihai"]
[Result "1-0"]
[ECO "C18"]
[WhiteElo "2353"]
[BlackElo "2095"]
[PlyCount "59"]
[EventDate "2011.??.??"]
[TimeControl "40/5400+30:1800+30"]

1. e4 e6 2. d4 d5 3. Nc3 Bb4 4. e5 c5 5. a3 Bxc3+ 6. bxc3 Qc7 7. Qg4 f5 8. Qg3
cxd4 9. cxd4 Ne7 10. Bd2 Nbc6 11. Nf3 O-O 12. Bd3 Bd7 13. h4 Kh8 14. h5 f4 15.
Qg5 h6 16. Qg4 Nxd4 17. O-O Nxf3+ 18. Qxf3 Qxe5 19. Rfe1 Qc7 20. Bb4 Rae8 21.
Re2 a5 22. Bxe7 Rxe7 23. Rae1 Ref7 24. Rxe6 Bxe6 25. Rxe6 Qc5 26. Re5 Rd7 27.
Qg4 Rd6 28. Re7 Rg8 29. Qf5 g6 30. Qe5+ 1-0

[Event "Superliga 2011 M"]
[Site "Brasov/Rumania"]
[Date "2011.10.13"]
[Round "6.1"]
[White "Mastrovasilis, Dimitrios"]
[Black "Jianu, Vlad-Cristian"]
[Result "1/2-1/2"]
[ECO "B52"]
[WhiteElo "2607"]
[BlackElo "2502"]
[PlyCount "129"]
[EventDate "2011.??.??"]
[TimeControl "40/5400+30:1800+30"]

1. e4 c5 2. Nf3 d6 3. Bb5+ Bd7 4. Bxd7+ Qxd7 5. O-O Nf6 6. Qe2 Nc6 7. c3 e6 8.
d4 cxd4 9. cxd4 d5 10. e5 Ne4 11. Be3 Be7 12. Ne1 f6 13. f3 Ng5 14. Nd3 O-O 15.
Nd2 Rac8 16. Rac1 b6 17. Bf2 Nb4 18. Nxb4 Bxb4 19. exf6 gxf6 20. Rfd1 Rxc1 21.
Rxc1 Rc8 22. Rxc8+ Qxc8 23. Nf1 Nf7 24. g4 Be7 25. Ng3 Nd6 26. Kg2 Kf7 27. Qd3
Kg8 28. Nh5 Ne8 29. b3 Ng7 30. Nf4 Bd6 31. Bg3 Qc7 32. Ne2 Bxg3 33. hxg3 f5 34.
g5 Nh5 35. Qc3 Qd7 36. Qe3 Qd6 37. Qc1 Qd7 38. Qe3 Kf7 39. Qe5 Qd8 40. Nf4
Nxf4+ 41. gxf4 Qc8 42. Kg3 Ke7 43. Qf6+ Kd7 44. Qf7+ Kd6 45. Qxa7 Qc1 46. Qxb6+
Kd7 47. Qb5+ Kd8 48. Qe2 Qg1+ 49. Kh3 Qh1+ 50. Kg3 Qg1+ 51. Qg2 Qxd4 52. a4 Qd1
53. Qf2 Qxb3 54. Qd4 Kd7 55. Qa7+ Kd6 56. Qxh7 Qxa4 57. g6 Qd4 58. Qh6 Qf6 59.
Qh7 Qd4 60. Qh6 Qf6 61. Qh7 Qd4 62. Qf7 Qe3 63. Kh4 Qxf4+ 64. Kh5 Qxf3+ 65. Kh6
1/2-1/2

[Event "Superliga 2011 M"]
[Site "Brasov/Rumania"]
[Date "2011.10.13"]
[Round "6.1"]
[White "Filip, Lucian"]
[Black "Svetushkin, Dmitry"]
[Result "0-1"]
[ECO "E01"]
[WhiteElo "2483"]
[BlackElo "2594"]
[PlyCount "94"]
[EventDate "2011.??.??"]
[TimeControl "40/5400+30:1800+30"]

1. Nf3 d5 2. d4 Nf6 3. c4 c6 4. Nc3 e6 5. g3 Nbd7 6. Bg2 dxc4 7. O-O b5 8. Ne5
Nxe5 9. dxe5 Nd5 10. Ne4 Bb7 11. Nd6+ Bxd6 12. exd6 f5 13. e4 fxe4 14. Qg4 Qd7
15. Qh5+ g6 16. Qh4 O-O 17. Bxe4 Qxd6 18. Bh6 Rf7 19. Rae1 e5 20. Re2 Nb4 21.
Rd2 Nd5 22. Re2 Re8 23. Rd1 Qe6 24. Rde1 Nb4 25. a3 Nd5 26. Bg2 Qf6 27. Qxf6
Rxf6 28. f4 Rf7 29. Rxe5 Rxe5 30. Rxe5 Rc7 31. Bh3 Nf6 32. g4 Bc8 33. f5 Kf7
34. Bf4 gxf5 35. gxf5 Re7 36. Rxe7+ Kxe7 37. Kf2 Nd5 38. Be5 Kf7 39. Kf3 a5 40.
Ke4 b4 41. axb4 axb4 42. Bf1 Bxf5+ 43. Kxf5 Ne3+ 44. Ke4 Nxf1 45. Bd6 c3 46.
bxc3 b3 47. Kd3 b2 0-1

[Event "Superliga 2011 M"]
[Site "Brasov/Rumania"]
[Date "2011.10.13"]
[Round "6.1"]
[White "Mateuta, Gabriel"]
[Black "Balla, Tamas-Kristof"]
[Result "1-0"]
[ECO "B06"]
[WhiteElo "2507"]
[BlackElo "2378"]
[PlyCount "53"]
[EventDate "2011.??.??"]
[TimeControl "40/5400+30:1800+30"]

1. d4 g6 2. e4 Bg7 3. Nf3 d6 4. c3 Nd7 5. Bd3 e5 6. O-O Ne7 7. Nbd2 c6 8. Nc4
Qc7 9. dxe5 Nxe5 10. Nfxe5 dxe5 11. f4 b5 12. Nxe5 Bxe5 13. fxe5 Qxe5 14. Qf3
Qe6 15. Be3 O-O 16. Bc5 a5 17. Bc2 a4 18. Rad1 Ba6 19. Qf6 Rae8 20. Qxe6 fxe6
21. Rxf8+ Kxf8 22. Rd7 e5 23. b3 axb3 24. Bxb3 Bc8 25. Rc7 Bg4 26. Kf2 g5 27.
a4 1-0

[Event "Superliga 2011 M"]
[Site "Brasov/Rumania"]
[Date "2011.10.13"]
[Round "6.1"]
[White "Vasilescu, Lucian-Mihail"]
[Black "Danilov, Vladimir"]
[Result "0-1"]
[ECO "A34"]
[WhiteElo "2295"]
[BlackElo "2441"]
[PlyCount "68"]
[EventDate "2011.??.??"]
[TimeControl "40/5400+30:1800+30"]

1. c4 Nf6 2. g3 g6 3. Bg2 d5 4. cxd5 Nxd5 5. Nc3 Nxc3 6. bxc3 Bg7 7. Nf3 O-O 8.
O-O c5 9. Rb1 Nc6 10. Qa4 Qc7 11. Qh4 Rd8 12. d3 b6 13. c4 Bb7 14. Bf4 e5 15.
Bg5 Rd6 16. Bh6 f6 17. Bxg7 Kxg7 18. Rb2 Re8 19. g4 e4 20. Ne1 exd3 21. Nxd3
Nd4 22. Nc1 Bxg2 23. Kxg2 Qc6+ 24. f3 Qa4 25. Qg3 Rd7 26. e4 Qxc4 27. Rd1 Red8
28. Rbd2 Qe6 29. Qf4 g5 30. Qe3 Nc6 31. Ne2 Ne5 32. Ng3 Rxd2+ 33. Rxd2 Nc4 34.
Nf5+ Qxf5 0-1

[Event "Superliga 2011 M"]
[Site "Brasov/Rumania"]
[Date "2011.10.13"]
[Round "6.1"]
[White "Ungureanu, Vlad"]
[Black "Bach, Adrian-Kalman"]
[Result "1-0"]
[ECO "E99"]
[WhiteElo "2376"]
[BlackElo "2270"]
[PlyCount "125"]
[EventDate "2011.??.??"]
[TimeControl "40/5400+30:1800+30"]

1. d4 Nf6 2. Nf3 g6 3. c4 Bg7 4. Nc3 O-O 5. e4 d6 6. Be2 e5 7. O-O Nc6 8. d5
Ne7 9. Ne1 Nd7 10. Nd3 f5 11. Bd2 Nf6 12. f3 c6 13. b4 cxd5 14. cxd5 h5 15. Nf2
Nh7 16. Rc1 a6 17. a4 Bd7 18. a5 b5 19. axb6 Qxb6 20. Na4 Qa7 21. Nb2 fxe4 22.
fxe4 Bb5 23. Nc4 Bxc4 24. Rxc4 Bf6 25. Qb3 Bg5 26. Bxg5 Nxg5 27. Qg3 Nh7 28.
Kh1 Kh8 29. Nd3 a5 30. Rxf8+ Rxf8 31. bxa5 Qxa5 32. Qe3 Rb8 33. h3 Kg7 34. Kh2
Nf6 35. Qc1 Rb7 36. Bd1 h4 37. Bf3 Qa2 38. Rc7 Qa7 39. Rxb7 Qxb7 40. Qg5 Qc7
41. Nf2 Neg8 42. Qxh4 Qc1 43. Qg3 Qe3 44. Bd1 Qd4 45. Bf3 Kf7 46. Be2 Nxe4 47.
Nxe4 Qxe4 48. Bd3 Qxd5 49. Bxg6+ Kf6 50. Bh7 Ne7 51. h4 e4 52. Qf4+ Kg7 53.
Bxe4 Qe5 54. Kg3 Qc3+ 55. Kg4 Qc8+ 56. Bf5 Nxf5 57. Qxf5 Qc4+ 58. Qf4 Qe6+ 59.
Kf3 Qb3+ 60. Qe3 Qf7+ 61. Kg4 Qc4+ 62. Kg3 d5 63. Qg5+ 1-0

[Event "Superliga 2011 M"]
[Site "Brasov/Rumania"]
[Date "2011.10.13"]
[Round "6.1"]
[White "Bida, Mihai-Eugen"]
[Black "Chifor, Ovidiu-Emanuel"]
[Result "1/2-1/2"]
[ECO "C90"]
[WhiteElo "2141"]
[BlackElo "2256"]
[PlyCount "53"]
[EventDate "2011.??.??"]
[TimeControl "40/5400+30:1800+30"]

1. e4 e5 2. Nf3 Nc6 3. Bb5 a6 4. Ba4 Nf6 5. O-O Be7 6. d3 b5 7. Bb3 d6 8. c3
Na5 9. Bc2 c5 10. Re1 O-O 11. Nbd2 Nd7 12. Nf1 Nb6 13. Ne3 Nc6 14. a4 Nxa4 15.
Bxa4 bxa4 16. Rxa4 Bd7 17. Nd5 Re8 18. Ra3 Be6 19. Qa4 Bd7 20. Qc4 a5 21. Qa2
Qb8 22. Ng5 Bxg5 23. Bxg5 Be6 24. Bd2 Qb7 25. Ra1 Rab8 26. b3 h6 27. f3 1/2-1/2

[Event "Superliga 2011 M"]
[Site "Brasov/Rumania"]
[Date "2011.10.13"]
[Round "6.2"]
[White "Parligras, Mircea-Emilian"]
[Black "Milu, Romeo-Sorin"]
[Result "1/2-1/2"]
[ECO "A57"]
[WhiteElo "2625"]
[BlackElo "2421"]
[PlyCount "53"]
[EventDate "2011.??.??"]
[TimeControl "40/5400+30:1800+30"]

1. d4 Nf6 2. c4 c5 3. d5 b5 4. Nf3 Bb7 5. Qc2 bxc4 6. e4 e6 7. Bxc4 exd5 8.
exd5 d6 9. Nc3 Be7 10. O-O O-O 11. Re1 Nbd7 12. b3 a6 13. Bf4 Nb6 14. Qd3 Bc8
15. h3 Ra7 16. Re2 Nh5 17. Bd2 f5 18. Rae1 Bf6 19. Nh2 Bg5 20. Bxg5 Qxg5 21.
Nf3 Qf6 22. Qd2 Nxc4 23. bxc4 h6 24. Rb1 g5 25. Qe1 Nf4 26. Re8 Raf7 27. Rb3
1/2-1/2

[Event "Superliga 2011 M"]
[Site "Brasov/Rumania"]
[Date "2011.10.13"]
[Round "6.2"]
[White "Mosnegutu, Klauss"]
[Black "Lupulescu, Constantin"]
[Result "1/2-1/2"]
[ECO "A25"]
[WhiteElo "2240"]
[BlackElo "2655"]
[PlyCount "240"]
[EventDate "2011.??.??"]
[TimeControl "40/5400+30:1800+30"]

1. c4 e5 2. Nc3 Nc6 3. g3 f5 4. Bg2 Nf6 5. d3 Bb4 6. Bd2 O-O 7. Nd5 Bxd2+ 8.
Qxd2 d6 9. e3 e4 10. Nxf6+ Qxf6 11. d4 Nd8 12. Ne2 Nf7 13. h4 Nh6 14. Nf4 Be6
15. Bf1 Bf7 16. Be2 c6 17. b3 Qe7 18. Qc3 a5 19. a3 Kh8 20. Kd2 Ng8 21. b4 Nf6
22. c5 Nd7 23. Bc4 Bxc4 24. Qxc4 d5 25. Qc3 Rfc8 26. bxa5 Nf8 27. Rhb1 g6 28.
Rb6 h6 29. Rab1 Ra7 30. Qb4 g5 31. hxg5 hxg5 32. Ne2 Rc7 33. a6 bxa6 34. Qa5
Qd7 35. Nc3 Kg7 36. a4 Ng6 37. Rxa6 Rxa6 38. Qxa6 f4 39. gxf4 gxf4 40. Rg1
fxe3+ 41. fxe3 Ra7 42. Qe2 Qf7 43. Rf1 Qe6 44. Qh2 Qc8 45. Qd6 Rf7 46. Rxf7+
Kxf7 47. Qh2 Qa6 48. Qc7+ Ne7 49. Qf4+ Ke8 50. Kc2 Ng6 51. Qb8+ Kf7 52. Kb2 Ne7
53. Qb6 Qd3 54. a5 Qxe3 55. a6 Qxd4 56. a7 e3 57. a8=Q e2 58. Qbb8 e1=Q 59.
Qe8+ Ke6 60. Qac8+ Kf6 61. Qh8+ Kg5 62. Qxd4 Nxc8 63. Qg7+ Kf5 64. Qf8+ Kg6 65.
Qxc8 Qf2+ 66. Kb3 Qxc5 67. Qe6+ Kg7 68. Qe5+ Kf7 69. Ne2 Qc4+ 70. Kb2 Qb4+ 71.
Kc1 Qe4 72. Qc7+ Qe7 73. Qf4+ Qf6 74. Qg4 Qe6 75. Qh5+ Qg6 76. Qh3 Qe6 77. Qh7+
Ke8 78. Kd2 Qf6 79. Qb7 Kd8 80. Qa7 Qb2+ 81. Ke3 Qe5+ 82. Kf3 Qe4+ 83. Kf2 Qf5+
84. Kg2 Qe4+ 85. Kf2 Qf5+ 86. Ke3 Qe5+ 87. Kf2 Qf6+ 88. Ke1 Qe5 89. Qc5 Kd7 90.
Kd2 Qd6 91. Qa7+ Qc7 92. Qd4 Qd6 93. Nc3 Qh6+ 94. Kc2 Qg6+ 95. Kb3 Qg3 96. Qa7+
Qc7 97. Qf2 Qb8+ 98. Kc2 Qe5 99. Qa7+ Qc7 100. Qd4 Qh2+ 101. Kb1 Qh1+ 102. Ka2
Qh2+ 103. Ka3 Qd6+ 104. Kb3 Qb8+ 105. Kc2 Qh2+ 106. Kc1 Qh1+ 107. Kc2 Qh2+ 108.
Kb3 Qb8+ 109. Kc2 Qh2+ 110. Kd1 Qh1+ 111. Kd2 Qh2+ 112. Ne2 Qd6 113. Qg7+ Qe7
114. Qg4+ Qe6 115. Qa4 Qh6+ 116. Kc2 Qg6+ 117. Kc3 Qd6 118. Nd4 Qg3+ 119. Kb2
Qh2+ 120. Nc2 Qb8+ 1/2-1/2

[Event "Superliga 2011 M"]
[Site "Brasov/Rumania"]
[Date "2011.10.13"]
[Round "6.2"]
[White "Nevednichy, Vladislav"]
[Black "Posedaru, Bogdan"]
[Result "1-0"]
[ECO "A26"]
[WhiteElo "2540"]
[BlackElo "2322"]
[PlyCount "251"]
[EventDate "2011.??.??"]
[TimeControl "40/5400+30:1800+30"]

1. c4 e5 2. g3 g6 3. Bg2 Bg7 4. Nc3 Nc6 5. d3 d6 6. e4 h5 7. h4 Bg4 8. f3 Be6
9. Nge2 Nge7 10. Nd5 O-O 11. Be3 Nd4 12. Nxd4 exd4 13. Bg5 f6 14. Bd2 c6 15.
Nf4 Bd7 16. b4 Kh7 17. O-O c5 18. b5 a6 19. a4 Ra7 20. Qb3 b6 21. Bh3 f5 22.
Bg2 Be5 23. a5 axb5 24. cxb5 bxa5 25. Ne6 Bxe6 26. Qxe6 Bxg3 27. Bg5 Qc8 28.
Qxc8 Nxc8 29. f4 fxe4 30. Bxe4 Nb6 31. f5 gxf5 32. Rxf5 Rxf5 33. Bxf5+ Kg7 34.
Bd8 Rb7 35. Kg2 Be5 36. Rxa5 Bf6 37. Bxb6 Rxb6 38. Ra7+ Kf8 39. Ra8+ Kf7 40.
Ra7+ Kf8 41. Ra8+ Kf7 42. Ra7+ Be7 43. Bd7 Bxh4 44. Bc6+ Be7 45. Ra6 Rb8 46.
Kf3 h4 47. b6 Bd8 48. b7 Bc7 49. Kg4 Ke6 50. Kxh4 d5 51. Kg4 Ke5 52. Bd7 Bd6
53. Bc8 c4 54. Kf3 cxd3 55. Rb6 d2 56. Ke2 d1=Q+ 57. Kxd1 d3 58. Kd2 d4 59.
Rb5+ Ke4 60. Bf5+ Kf4 61. Bd7 Rd8 62. Bc8 Ke4 63. Bf5+ Kf4 64. Kxd3 Bb8 65. Be6
Re8 66. Rf5+ Kg3 67. Bf7 Rd8 68. Bd5 Kg4 69. Be4 Bf4 70. Rc5 Kg3 71. Bf5 Kf2
72. Be6 Re8 73. Rf5 Kg3 74. Kxd4 Bb8 75. Rf6 Re7 76. Rg6+ Kf4 77. Bd5 Ba7+ 78.
Kc4 Ke5 79. Bg2 Rc7+ 80. Kb3 Rc1 81. Ra6 Bb8 82. Ra8 Bd6 83. Re8+ Kf4 84. Kb2
Rg1 85. Bd5 Rg7 86. Kb3 Rg1 87. Kc2 Rg5 88. Bc4 Rg7 89. Ba6 Rg2+ 90. Kc3 Rg1
91. Bd3 Rg5 92. Re4+ Kf3 93. Re6 Bh2 94. Be4+ Kf2 95. Kc4 Rg8 96. Bd5 Rh8 97.
Rg6 Ke3 98. Re6+ Kf2 99. Rf6+ Ke3 100. Rf3+ Ke2 101. Rb3 Be5 102. Bf3+ Kf2 103.
Kd5 Bb8 104. Be4 Ke2 105. Rc3 Rd8+ 106. Kc5 Rd2 107. Bd5 Rb2 108. Bb3 Kd2 109.
Kc4 Ke1 110. Kb5 Kd2 111. Kc4 Ke1 112. Rc1+ Kf2 113. Rd1 Re2 114. Rd8 Bg3 115.
Rf8+ Ke1 116. b8=Q Bxb8 117. Rxb8 Kd2 118. Kd4 Kc1 119. Bc4 Rb2 120. Ra8 Rd2+
121. Bd3 Rh2 122. Ra1+ Kb2 123. Rb1+ Ka2 124. Kc3 Rh8 125. Rf1 Rh3 126. Rf5 1-0

[Event "Superliga 2011 M"]
[Site "Brasov/Rumania"]
[Date "2011.10.13"]
[Round "6.2"]
[White "Ionescu, Mihai"]
[Black "Berescu, Alin-Mile"]
[Result "0-1"]
[ECO "A13"]
[WhiteElo "2340"]
[BlackElo "2495"]
[PlyCount "86"]
[EventDate "2011.??.??"]
[TimeControl "40/5400+30:1800+30"]

1. Nf3 Nf6 2. c4 e6 3. g3 d5 4. Bg2 dxc4 5. Qa4+ c6 6. Qxc4 b5 7. Qc2 Bb7 8.
O-O Nbd7 9. Nc3 Qb6 10. d3 c5 11. a4 b4 12. a5 Qa6 13. Nb1 Be7 14. Nbd2 O-O 15.
Nc4 h6 16. Bd2 Rac8 17. Rfc1 Rfd8 18. h3 Nd5 19. Nfe5 Nxe5 20. Nxe5 Bf6 21. Nc4
Bd4 22. Rd1 Bc6 23. e3 Bf6 24. e4 Nc7 25. e5 Be7 26. Be3 Bd5 27. f4 Nb5 28. Kh2
Rc7 29. Bxd5 exd5 30. Nd2 c4 31. dxc4 dxc4 32. Nxc4 Rxd1 33. Rxd1 Na3 34. bxa3
Rxc4 35. Qa4 bxa3 36. Qe8+ Kh7 37. Qxf7 Rc2+ 38. Kg1 Qe2 39. Qf5+ Kh8 40. Rd8+
Bxd8 41. Qf8+ Kh7 42. Qf5+ Kg8 43. Qe6+ Kf8 0-1

[Event "Superliga 2011 M"]
[Site "Brasov/Rumania"]
[Date "2011.10.13"]
[Round "6.2"]
[White "Grunberg, Mihai-Lucian"]
[Black "Miroiu, George-Catalin"]
[Result "0-1"]
[ECO "D78"]
[WhiteElo "2420"]
[BlackElo "2281"]
[PlyCount "98"]
[EventDate "2011.??.??"]
[TimeControl "40/5400+30:1800+30"]

1. Nf3 Nf6 2. c4 c6 3. g3 d5 4. Bg2 g6 5. d4 Bg7 6. O-O O-O 7. Nbd2 Bf5 8. Nh4
Be6 9. Qb3 Qb6 10. c5 Qxb3 11. Nxb3 Nbd7 12. Bf4 h6 13. Nf3 g5 14. Be3 Ne4 15.
h4 g4 16. Nfd2 f5 17. Rfc1 Rfc8 18. Rc2 b6 19. cxb6 axb6 20. a3 Nxd2 21. Rxd2
Bf7 22. Rc1 Ra4 23. Rdc2 Rc4 24. f3 e5 25. dxe5 Nxe5 26. Nd2 Rxc2 27. Rxc2 c5
28. b4 gxf3 29. exf3 Bf8 30. Bf1 Re8 31. bxc5 bxc5 32. Bf4 c4 33. a4 Ng6 34.
Bc7 Bc5+ 35. Kg2 Rc8 36. Ba5 Ra8 37. Bc7 Ra7 38. Bd8 Rxa4 39. Bf6 Ra6 40. Bd8
Kf8 41. Nb3 Be3 42. Ba5 Ra8 43. Bb4+ Kg8 44. Na5 f4 45. h5 Ne5 46. g4 d4 47.
Nxc4 d3 48. Bxd3 Nxd3 49. Nxe3 fxe3 0-1

[Event "Superliga 2011 W"]
[Site "Brasov/Rumania"]
[Date "2011.10.13"]
[Round "6.2"]
[White "Baciu, Stefan"]
[Black "Dragomirescu, Robin-Alexandru"]
[Result "1/2-1/2"]
[ECO "E67"]
[WhiteElo "2217"]
[BlackElo "2353"]
[PlyCount "188"]
[EventDate "2011.??.??"]
[TimeControl "40/5400+30:1800+30"]

1. d4 Nf6 2. c4 g6 3. Nc3 Bg7 4. Nf3 O-O 5. h3 d6 6. g3 Nbd7 7. Bg2 e5 8. O-O
exd4 9. Nxd4 Nb6 10. b3 d5 11. c5 Nbd7 12. c6 Ne5 13. cxb7 Bxb7 14. Ba3 Re8 15.
Rc1 Rc8 16. Na4 Ne4 17. Nc5 Nxc5 18. Bxc5 Nd7 19. b4 Nxc5 20. bxc5 c6 21. Nb3
a5 22. e3 Ba6 23. Re1 a4 24. Nd4 Qa5 25. Bf1 Bxf1 26. Kxf1 Re4 27. Qd3 a3 28.
Rc3 Ra8 29. Rec1 Qa4 30. Rd1 h5 31. Kg2 Ra5 32. Rb3 Bf8 33. Rc1 Bxc5 34. Rb8+
Kg7 35. Nb3 Bd6 36. Nxa5 Bxb8 37. Nxc6 Qa8 38. Nxb8 Qxb8 39. Qxd5 Rxe3 40. Qd4+
Re5 41. Rc5 Qb7+ 42. Kh2 f6 43. Rxe5 fxe5 44. Qxe5+ Kh7 45. Qf6 Qd7 46. Qf8 Qa7
47. g4 Qc7+ 48. Kg2 hxg4 49. Qxa3 Qc6+ 50. Kh2 gxh3 51. Qxh3+ Kg7 52. Qg3 Qa4
53. a3 Qd4 54. Qc7+ Kh6 55. Qc1+ Kg7 56. Kg2 Qe4+ 57. Kg3 Qe5+ 58. Qf4 Qc3+ 59.
Qe3 Qc7+ 60. Kg2 Qc6+ 61. Qf3 Qc4 62. Qd1 Qc6+ 63. f3 g5 64. a4 Kh6 65. Qd4
Qc2+ 66. Kh3 Qc8+ 67. Qg4 Qa6 68. Qd4 Qf1+ 69. Kg3 Qe1+ 70. Kg2 Qe2+ 71. Qf2
Qa6 72. Qa2 Qa5 73. Qe6+ Kg7 74. Qd7+ Kh6 75. Qd4 Qa6 76. Qh8+ Kg6 77. Qg8+ Kh6
78. Qf8+ Kg6 79. Qe8+ Kh6 80. Qb5 Qd6 81. a5 Qd2+ 82. Kh3 Qe1 83. Qd5 Kh5 84.
Qf7+ Kh6 85. Qf6+ Kh5 86. Qh8+ Kg6 87. Qg8+ Kh6 88. Qf8+ Kh5 89. Qf7+ Kh6 90.
Kg4 Qh4+ 91. Kf5 Qf4+ 92. Ke6 Qc4+ 93. Kf6 Qf4+ 94. Ke6 Qc4+ 1/2-1/2

[Event "Superliga 2011 M"]
[Site "Brasov/Rumania"]
[Date "2011.10.13"]
[Round "6.4"]
[White "Nisipeanu, Liviu-Dieter"]
[Black "Manea, Alexandru"]
[Result "1-0"]
[ECO "D15"]
[WhiteElo "2638"]
[BlackElo "2415"]
[PlyCount "47"]
[EventDate "2011.??.??"]
[TimeControl "40/5400+30:1800+30"]

1. d4 d5 2. c4 c6 3. Nf3 Nf6 4. Nc3 a6 5. e3 b5 6. c5 Nbd7 7. a3 e5 8. dxe5 Ne4
9. e6 fxe6 10. Nxe4 dxe4 11. Nd4 Nxc5 12. b4 Nd7 13. Bb2 Nf6 14. Qc2 c5 15.
bxc5 Qc7 16. Nb3 e5 17. a4 Rb8 18. axb5 axb5 19. Qc3 Bd7 20. Qxe5+ Qxe5 21.
Bxe5 Rc8 22. Bd4 Be7 23. Ra7 Bd8 24. Rb7 1-0